 Dungeon Sprint DCSS version 0.29.1-2-gbd0b4ee654 (webtiles) character file.

Game seed: 2009416421929327559

13225 Groucho the Imperceptible (level 11, 0/61 HPs)
             Began as a Felid Fighter on Nov 8, 2022.
             Was an Elder of Uskayaw.
             Slain by a catoblepas (3 damage)
             ... while petrified by a catoblepas
             ... in the Dungeon (Sprint IX: "|||||||||||||||||||||||||||||").
             The game lasted 00:12:00 (5651 turns).

Groucho the Imperceptible (Felid Fighter)           Turns: 5651, Time: 00:12:01

Health: 0/61       AC:  6    Str: 16    XL:     11   Next: 72%
Magic:  22/22      EV:  4    Int: 13    God:    Uskayaw [****..]
Gold:   1567       SH:  0    Dex: 16    Spells: 10/10 levels left
                                        Lives:  0   Deaths: 2

rFire   + . .      SeeInvis +     - Unarmed
rCold   + . .      Faith    +   (shield unavailable)
rNeg    + + +      Spirit   .   (body armour unavailable)
rPois   ∞          Reflect  .   (helmet unavailable)
rElec   .          Harm     .   (cloak unavailable)
rCorr   .          Rampage  .   (gloves unavailable)
Will    +....      NoTele   +   (boots unavailable)
Stlth   ++++++++..              o - amulet of faith
HPRegen 0.20/turn               j - +3 ring of intelligence
MPRegen 0.18/turn               k - +2 ring of protection

@: petrified, quick
A: very small, claws 1, fangs 3, see invisible, speed 1, shaggy fur 2, stealthy
paws, no weapons or thrown items, no armour, multi-lived, iridescent scales 1,
cold resistance 1, fire resistance 1
a: Renounce Religion, Stomp, Line Pass


You were in the Dungeon.
You worshipped Uskayaw.
Uskayaw was pleased with you.
You visited 1 branch You collected 1947 gold pieces.
You spent 380 gold pieces at shops.

Inventory:

Jewellery
 j - a +3 ring of intelligence (left paw)
 k - a +2 ring of protection (right paw)
 l - a ring of resist corrosion
 o - an amulet of faith (around neck)
Wands
 i - a wand of acid (10)
Scrolls
 c - a scroll of magic mapping
 g - 3 scrolls of blinking
 h - 2 scrolls of amnesia
 m - 2 scrolls of fear
 n - a scroll of butterflies
 q - 2 scrolls of identify
Potions
 a - a potion of might
 b - 7 potions of curing
 d - 2 potions of mutation
 e - 4 potions of magic
 f - 3 potions of brilliance
 p - a potion of haste


   Skills:
 + Level 15.0 Fighting
 + Level 19.1 Dodging
 + Level 22.2 Stealth
 + Level 15.2 Unarmed Combat
 + Level 14.1 Invocations


You had 10 spell levels left.
You didn't know any spells.
Your spell library was empty.

Dungeon Overview and Level Annotations

Branches:
Dungeon (1/1)

Altars:
Cheibriados
Dithmenos
Elyvilon
Fedhas
Gozag
Hepliaklqana
Kikubaaqudgha
Makhleb
Nemelex Xobeh
Okawaru
Qazlal
Ru
Sif Muna
Trog
Uskayaw
Vehumet
Wu Jian
Xom
Yredelemnul
Zin
The Shining One
Jiyva
Lugonu

Shops:
D (([!


Innate Abilities, Weirdness & Mutations

You have sharp claws.
You have razor-sharp teeth.
You have supernaturally acute eyesight. (SInv)
You cover ground quickly. (Speed+)
You are covered in thick fur. (AC +2)
Your paws help you pounce on unaware monsters.
You are incapable of wielding weapons or throwing items.
You cannot wear armour.
You gain extra lives every three experience levels.
You are partially covered in iridescent scales. (AC +2)
Your flesh is cold resistant. (rC+)
Your flesh is heat resistant. (rF+)


Message History

The catoblepas misses you.
Unknown command.
You claw the catoblepas!
The catoblepas is severely wounded.
The manticore is no longer sharing its pain.
The ogre mage is no longer sharing its pain.
The catoblepas breathes a plume of calcifying dust at you.
The blast of calcifying dust hits you.
Unknown command.
Unknown command.
You scratch the catoblepas.
The catoblepas is severely wounded.
You are engulfed in calcifying dust.
You are slowing down.
You can now merge with and destroy a victim.
Unknown command.
Unknown command.
You claw the catoblepas!
The catoblepas is almost dead.
You are engulfed in calcifying dust.
Your limbs have turned to stone.
The catoblepas gores you!!
You have turned to stone.
You are engulfed in calcifying dust.
The manticore is no longer sharing its pain.
The catoblepas gores you!
You are engulfed in calcifying dust.
The catoblepas gores you!
The purple very ugly thing is no longer sharing its pain.
The catoblepas breathes a plume of calcifying dust at you.
The blast of calcifying dust hits you.
You are engulfed in calcifying dust.
The catoblepas breathes a plume of calcifying dust at you.
The blast of calcifying dust hits you.
You are engulfed in calcifying dust.
The catoblepas breathes a plume of calcifying dust at you.
The blast of calcifying dust hits you!
* * * LOW HITPOINT WARNING * * *
You are engulfed in calcifying dust.
The catoblepas gores you!!
* * * LOW HITPOINT WARNING * * *
You can no longer merge with and destroy a victim.
You are engulfed in calcifying dust.
The catoblepas gores you.
You die...

▓_▓.▓÷▓.▓.▓(▓.▓
▓_▓.▓.▓.▓.▓.▓.▓
▓_▓.▓÷▓.▓'▓.▓.▓
▓'▓.▓'▓.▓)▓.▓.▓
▓.▓.▓.▓.▓.▓.▓§▓
▓.▓.▓)▓.▓(▓.▓.▓
▓)▓.▓.▓.▓.▓.▓§▓
▓.▓.▓.▓.▓.▓.▓§▓
▓[▓.▓.▓.▓∩▓.▓@▓
▓[▓.▓.▓.▓)▓.▓Y▓
▓[▓.▓.▓.▓∩▓.▓u▓
▓.▓.▓.▓.▓.▓.▓H▓
▓.▓.▓.▓.▓∩▓.▓O▓
▓'▓.▓.▓.▓.▓.▓H▓
▓.▓.▓.▓.▓∩▓.▓W▓
▓†▓.▓.▓.▓.▓.▓C▓
▓.▓.▓'▓.▓.▓.▓


You could see a purple very ugly thing, a stone giant, a catoblepas, a flayed
ghost, an ogre mage and 2 manticores.

Vanquished Creatures
  3 stone giants (D)
  3 hydras (D)
  2 centaur warriors (D)
  2 ogre magi (D)
  4 death yaks (D)
  A catoblepas (D)
  Sonja (D)
  An iron troll (D)
  3 deep trolls (D)
  An orc sorcerer (D)
  2 ugly things (D)
  2 manticores (D)
  2 cane toads (D)
  2 komodo dragons (D)
  2 rime drakes (D)
  4 trolls (D)
  A meliai (shapeshifter) (D)
  A slime creature (D)
  2 wyverns (D)
  7 yaks (D)
  2 basilisks (D)
  2 acid dragons (D)
  5 water moccasins (D)
  13 orc warriors (D)
  A phantom (D)
  A necrophage (D)
  A gnoll bouda (D)
  3 orc priests (D)
  4 orc wizards (D)
  A gnoll (D)
  An adder (D)
  5 orcs (D)
  A giant cockroach (D)
  A hobgoblin (D)
  2 bats (D)
  A kobold (D)
90 creatures vanquished.

Vanquished Creatures (others)
  A deep troll (D)
1 creature vanquished.

Grand Total: 91 creatures vanquished

Notes
Turn   | Place    | Note
-------+----------+-------------------------------------------
     0 | D        | Groucho the Felid Fighter began the quest for the Orb.
     0 | D        | Reached XP level 1. HP: 10/10 MP: 2/2
     8 | D        | Reached skill level 2 in Stealth
    10 | D        | Reached skill level 3 in Stealth
    14 | D        | Reached skill level 4 in Stealth
   541 | D        | Noticed a gnoll bouda
   541 | D        | Noticed a necrophage
   541 | D        | Noticed a phantom
   544 | D        | Reached skill level 7 in Stealth
   544 | D        | Reached XP level 2. HP: 14/14 MP: 3/3
   546 | D        | Reached skill level 9 in Stealth
   546 | D        | Reached XP level 3. HP: 17/17 MP: 4/4
   548 | D        | Reached skill level 10 in Stealth
   555 | D        | Killed a necrophage
   556 | D        | Reached skill level 5 in Dodging
   556 | D        | Reached skill level 11 in Stealth
   556 | D        | Reached XP level 4. HP: 18/22 MP: 5/5
   561 | D        | Killed a phantom
   562 | D        | Reached skill level 5 in Fighting
   562 | D        | Reached skill level 5 in Unarmed Combat
   562 | D        | Reached XP level 5. HP: 2/26 MP: 6/6
  1161 | D        | Found a snail-covered altar of Cheibriados.
  1161 | D        | Found a shadowy altar of Dithmenos.
  1161 | D        | Found a white marble altar of Elyvilon.
  1161 | D        | Found a blossoming altar of Fedhas.
  1161 | D        | Found an opulent altar of Gozag.
  1162 | D        | Found a hazy altar of Hepliaklqana.
  1163 | D        | Found a viscous altar of Jiyva.
  1164 | D        | Found an ancient bone altar of Kikubaaqudgha.
  1165 | D        | Found a corrupted altar of Lugonu.
  1166 | D        | Found a burning altar of Makhleb.
  1167 | D        | Found a sparkling altar of Nemelex Xobeh.
  1168 | D        | Found an iron altar of Okawaru.
  1169 | D        | Found a stormy altar of Qazlal.
  1170 | D        | Found a sacrificial altar of Ru.
  1171 | D        | Found a shimmering blue altar of Sif Muna.
  1172 | D        | Found a bloodstained altar of Trog.
  1173 | D        | Found a hide-covered altar of Uskayaw.
  1174 | D        | Found a radiant altar of Vehumet.
  1175 | D        | Found an ornate altar of the Wu Jian Council.
  1176 | D        | Found a shimmering altar of Xom.
  1177 | D        | Found a basalt altar of Yredelemnul.
  1178 | D        | Found a glowing silver altar of Zin.
  1179 | D        | Found a glowing golden altar of the Shining One.
  1181 | D        | Became a worshipper of Uskayaw the Reveller
  1210 | D        | Noticed a wyvern
  1210 | D        | Noticed a yak
  1210 | D        | Noticed a yak
  1210 | D        | Noticed a yak
  1210 | D        | Noticed an acid dragon
  1212 | D        | Killed a wyvern
  1212 | D        | Reached * piety under Uskayaw
  1213 | D        | Reached skill level 12 in Stealth
  1213 | D        | Gained mutation: You are covered in thick fur. (AC +2)
                  | [Felid growth]
  1213 | D        | Reached XP level 6. HP: 31/31 MP: 6/9
  1214 | D        | Killed a yak
  1214 | D        | Reached ** piety under Uskayaw
  1215 | D        | Reached skill level 13 in Stealth
  1216 | D        | Killed a yak
  1216 | D        | Reached *** piety under Uskayaw
  1217 | D        | Reached XP level 7. HP: 36/36 MP: 6/11
  1218 | D        | Killed a yak
  1218 | D        | Reached **** piety under Uskayaw
  1219 | D        | Reached skill level 10 in Dodging
  1219 | D        | Reached skill level 14 in Stealth
  1219 | D        | Reached skill level 5 in Invocations
  1223 | D        | Noticed a centaur warrior
  1223 | D        | Noticed a slime creature
  1223 | D        | Noticed a red ugly thing
  1223 | D        | Noticed a centaur warrior
  1223 | D        | Noticed a troll
  1225 | D        | Killed a centaur warrior
  1225 | D        | Reached ***** piety under Uskayaw
  1226 | D        | Reached skill level 15 in Stealth
  1226 | D        | Reached XP level 8. HP: 42/42 MP: 6/14
  1227 | D        | Killed a slime creature
  1229 | D        | Killed a red ugly thing
  1229 | D        | Reached ****** piety under Uskayaw
  1230 | D        | Reached XP level 9. HP: 46/46 MP: 7/15
  1237 | D        | Killed a centaur warrior
  1238 | D        | Reached skill level 10 in Fighting
  1238 | D        | Reached skill level 16 in Stealth
  1238 | D        | Reached skill level 10 in Unarmed Combat
  1241 | D        | Killed a troll
  1389 | D        | Noticed a cane toad
  1390 | D        | Noticed a cane toad
  1405 | D        | Killed a cane toad
  1406 | D        | Reached skill level 17 in Stealth
  1406 | D        | Noticed a rime drake
  1416 | D        | Killed a rime drake
  1417 | D        | Reached XP level 10. HP: 43/51 MP: 12/18
  1425 | D        | Killed a cane toad
  1831 | D        | Noticed a seven-headed hydra
  1831 | D        | Noticed an eight-headed hydra
  1831 | D        | Noticed an eight-headed hydra
  1836 | D        | Reached skill level 10 in Invocations
  1837 | D        | Killed a seven-headed hydra
  1838 | D        | Reached skill level 18 in Stealth
  1842 | D        | Killed an eight-headed hydra
  1843 | D        | Reached skill level 15 in Dodging
  2606 | D        | Killed an eight-headed hydra
  2646 | D        | Noticed a death yak
  2646 | D        | Noticed a catoblepas
  2646 | D        | Noticed a death yak
  2646 | D        | Noticed a death yak
  2647 | D        | Noticed a death yak
  2649 | D        | Reached skill level 19 in Stealth
  2649 | D        | Killed a death yak
  2650 | D        | Reached XP level 11. HP: 36/57 MP: 20/20
  2653 | D        | Killed a catoblepas
  2668 | D        | HP: 1/57 [death yak (15)]
  2670 | D        | Slain by a death yak
  2671 | D        | Reached XP level 10. HP: -4/54 MP: 14/19
  2691 | D        | Found Ritrakac's Distillery.
  2691 | D        | Noticed a deep troll
  2691 | D        | Noticed a deep troll
  2691 | D        | Noticed a stone giant
  2696 | D        | Found Duse Upn's Antique Armour Emporium.
  2696 | D        | Found Asatoohuess's Weapon Shoppe.
  2696 | D        | Found Wanublam's Antique Weapon Emporium.
  2696 | D        | Noticed a deep troll
  2696 | D        | Noticed a stone giant
  2699 | D        | Killed a deep troll
  2701 | D        | Killed a deep troll
  2703 | D        | Killed a stone giant
  2704 | D        | Reached skill level 20 in Stealth
  2790 | D        | Noticed an iron troll
  2811 | D        | Mangled by a stone giant
  2812 | D        | Reached XP level 9. HP: -6/51 MP: 19/19
  3301 | D        | Noticed an orc sorcerer
  3311 | D        | Noticed a sixfirhy
  3495 | D        | Reached XP level 10. HP: 26/55 MP: 20/20
  3738 | D        | Killed an orc sorcerer
  3996 | D        | Killed a death yak
  3999 | D        | Killed a death yak
  4001 | D        | Killed a death yak
  4740 | D        | Noticed a stone giant
  4740 | D        | Noticed a deep troll
  4742 | D        | Noticed an ogre mage
  4749 | D        | Killed a stone giant
  4750 | D        | Reached skill level 21 in Stealth
  4751 | D        | Killed a deep troll
  4752 | D        | Reached XP level 11. HP: 35/60 MP: 16/21
  4762 | D        | Killed an ogre mage
  4763 | D        | Noticed an ogre mage
  4773 | D        | Killed an ogre mage
  4944 | D        | Bought a potion of mutation for 80 gold pieces
  4944 | D        | Bought a potion of mutation for 80 gold pieces
  4944 | D        | Bought 3 potions of curing for 90 gold pieces
  4944 | D        | Bought a potion of heal wounds for 50 gold pieces
  4944 | D        | Bought a potion of curing for 30 gold pieces
  4944 | D        | Bought a potion of degeneration for 10 gold pieces
  4944 | D        | Bought a potion of brilliance for 40 gold pieces
  4944 | D        | Gained mutation: Your body sometimes deteriorates upon
                  | taking damage. [potion of mutation]
  4944 | D        | Gained mutation: You are partially covered in iridescent
                  | scales. (AC +2) [potion of mutation]
  4945 | D        | Lost mutation: Your body sometimes deteriorates upon taking
                  | damage. [potion of mutation]
  4945 | D        | Lost mutation: You are partially covered in iridescent
                  | scales. (AC +2) [potion of mutation]
  4945 | D        | Gained mutation: You are partially covered in iridescent
                  | scales. (AC +2) [potion of mutation]
  4945 | D        | Gained mutation: Your flesh is cold resistant. (rC+)
                  | [potion of mutation]
  4945 | D        | Gained mutation: Your flesh is heat resistant. (rF+)
                  | [potion of mutation]
  5019 | D        | Killed a stone giant
  5022 | D        | Killed an iron troll
  5430 | D        | Killed a deep troll
  5477 | D        | Noticed Sonja
  5487 | D        | Killed Sonja
  5488 | D        | Reached skill level 15 in Unarmed Combat
  5628 | D        | Noticed a green ugly thing
  5628 | D        | Noticed a catoblepas
  5629 | D        | Noticed an ogre mage
  5630 | D        | Killed a green ugly thing
  5631 | D        | Reached skill level 22 in Stealth
  5633 | D        | Noticed a purple very ugly thing
  5635 | D        | Noticed a flayed ghost
  5640 | D        | Reached skill level 15 in Fighting
  5640 | D        | Noticed a stone giant
  5650 | D        | HP: 3/61 [catoblepas (15)]
  5651 | D        | Slain by a catoblepas

Illustrated notes

Levels and vault maps discovered:
D:        linesprint [early_d, line_temple, items_1, d_10, items_2, lair_1,
          lair_end, items_3, orc_1, orc_end, items_4, d_15, swamp_1, shoals_1,
          snake_1, spider_1, d_20, vaults_1, items_5, swamp_end, shoals_end,
          snake_end, spider_end, vaults_end, d_27, items_6, zot_1, zot_end,
          crypt_end, forest_end, elf_end, slime_end, tomb_end, abyss_end,
          pan_hell_end]

Skill      XL: |  1  2  3  4  5  6  7  8  9 10 11 |
---------------+----------------------------------+-----
Stealth        | 7 9 11 12 13 15 17 21 22 | 22.2
Fighting       | 4 5 6 7 8 9 10 14 15 | 15.0
Dodging        | 5 6 8 9 11 12 13 18 19 | 19.1
Unarmed Combat | 5 6 7 9 11 14 15 | 15.2
Invocations    | 3 4 6 7 9 13 14 | 14.1

Action                   |  1- 3 |  4- 6 |  7- 9 | 10-12 || total
-------------------------+-------+-------+-------+-------++-------
Melee: Unarmed           |    25 |     9 |    91 |   154 ||   279
       Bite              |     1 |     2 |     9 |    22 ||    34
       Punch             |       |       |     8 |    16 ||    24
Invok: Line Pass         |       |       |     1 |    10 ||    11
  Use: Potion            |     1 |     2 |     3 |    12 ||    18
       Scroll            |       |       |       |     2 ||     2
 Stab: Sleeping          |     3 |     3 |     5 |     4 ||    15
       Invisible         |       |       |     4 |       ||     4
       Paralysed         |       |       |     2 |    10 ||    12
       Confused          |       |       |       |     8 ||     8
       Distracted        |       |       |       |     4 ||     4
Armor: Skin              |     2 |       |       |    11 ||    13
Dodge: Dodged            |    14 |       |    56 |   157 ||   227
